 Dungeon Crawl Stone Soup version 0.29.1-2-gbd0b4ee654 (webtiles) character file.

Game seed: 12879157180623685051

361 LustLizard the Insei (level 6, -8/41 HPs)
             Began as an Octopode Transmuter on Nov 29, 2022.
             Killed from afar by Eustachio (13 damage)
             ... with a bolt of light
             ... on level 4 of the Dungeon.
             The game lasted 00:04:42 (4116 turns).

LustLizard the Insei (Octopode Transmuter)          Turns: 4116, Time: 00:04:42

Health: -8/41      AC:  1    Str:  9    XL:     6   Next: 66%
Magic:  7/10       EV: 13    Int: 23    God:
Gold:   177        SH:  0    Dex: 13    Spells: 4/11 levels left

rFire   + . .      SeeInvis .     - Unarmed
rCold   . . .      Faith    .   (no shield)
rNeg    . . .      Spirit   .   (helmet currently unavailable)
rPois   .          Reflect  .   (no amulet)
rElec   .          Harm     .   d - +6 ring of intelligence
rCorr   .          Rampage  .   r - ring of protection from fire
Will    .....                   (no ring)
Stlth   ++........              (no ring)
HPRegen 0.13/turn               (no ring)
MPRegen 0.12/turn               (no ring)
                                (no ring)
                                (no ring)

@: confused, appendages, wereblooded
A: tentacle spike 3, almost no armour, amphibious, 8 rings, camouflage 1,
gelatinous body 1, (nimble swimmer 1), tentacles
a: End Transformation


You were on level 4 of the Dungeon.
One of your tentacles had grown a beastly spike.
You visited 1 branch of the dungeon, and saw 4 of its levels.

You collected 177 gold pieces.

Inventory:

Jewellery
 d - a +6 ring of intelligence (left tentacle)
 r - a ring of protection from fire (right tentacle)
Wands
 s - a wand of flame (1)
Scrolls
 c - a scroll of teleportation {unknown}
 g - 2 scrolls of butterflies {unknown}
 h - a scroll of enchant armour {unknown}
 i - 2 scrolls of brand weapon {unknown}
 l - 2 scrolls of identify {unknown}
 m - a scroll of poison {unknown}
 n - a scroll of vulnerability {unknown}
 o - a scroll of fear {unknown}
 q - a scroll of amnesia {unknown}
 t - a scroll of noise {unknown}
 u - a scroll of blinking {unknown}
Potions
 a - 3 potions of lignification
 b - 3 potions of flight {unknown}
 e - a potion of resistance {unknown}
 f - 2 potions of degeneration {unknown}
 j - 2 potions of heal wounds {unknown}
 k - a potion of might {unknown}
 p - a potion of curing {unknown}


   Skills:
 + Level 2.7 Fighting
 - Level 2.0 Dodging
 + Level 3.5 Stealth
 + Level 4.0 Unarmed Combat
 + Level 3.1 Spellcasting
 + Level 3.3 Transmutations
 * Level 2.0 Ice Magic


You had 4 spell levels left.
You knew the following spells:

 Your Spells              Type           Power      Damage    Failure   Level
a - Beastly Appendage     Tmut           38%        N/A       3%          1
b - Wereblood             Tmut           19%        N/A       4%          2
c - Ice Form              Ice/Tmut       16%        N/A       36%         4

Your spell library contained the following spells:

 Spells                   Type           Power      Damage    Failure   Level
 Static Discharge         Conj/Air       3%         3-4/arc   17%         2
 Spider Form              Tmut/Pois      11%        N/A       17%         3
 Dispel Undead            Necr           3%         3d7       75%         4
 Sticky Flame             Conj/Fire      3%         2d3       75%         4


Dungeon Overview and Level Annotations

Branches:
Dungeon (4/15)
 Temple: D:4-7

Altars:
Makhleb
Uskayaw

Annotations:
D:4 Eustachio


Innate Abilities, Weirdness & Mutations

One of your tentacles has grown a beastly spike.
You cannot wear most types of armour.
You are amphibious.
You can wear up to eight rings at the same time.
Your skin changes colour to match your surroundings (Stealth+).
Your rubbery body absorbs attacks. (AC +1, EV +1)
((You are camouflaged when in or above water. (Stealth+)))
You have tentacles for arms and can constrict up to eight enemies at once.


Message History

Your primal bloodlust has ended.
HP restored.
u - a scroll labelled FUKISKU NAIDOW
Things that are here:
a +0 dagger; an iguana corpse You open the door.
Found a hide-covered altar of Uskayaw and a burning altar of Makhleb. 2 hobgoblins come into view.
There is an open door here.
There are monsters nearby!
Eustachio the Magnificent comes into view.
He is wielding a +0 falchion of holy wrath and carrying a wand of light (6).
The helpless hobgoblin fails to defend itself.
You tentacle-slap the hobgoblin.
You kill the hobgoblin!
Eustachio zaps a wand.
The bolt of light misses you.
Eustachio zaps a wand.
The bolt of light misses you.
Casting: Wereblood (safe; 4% risk of failure)
Confirm with . or Enter, or press ? or * to list all spells.
One of your tentacles grows a vicious spike.
Eustachio zaps a wand.
The bolt of light hits you!
Casting: Beastly Appendage (safe; 3% risk of failure)
Confirm with . or Enter, or press ? or * to list all spells.
Your blood is infused with primal strength.
Eustachio says, "Summoning is fun!"
Eustachio hits you with a +0 falchion of holy wrath.
You closely miss Eustachio. Your grab misses Eustachio.
You tentacle-slap Eustachio.
Eustachio is lightly wounded.
Eustachio hits you with a +0 falchion of holy wrath!
* * * LOW HITPOINT WARNING * * *
You tentacle-slap Eustachio. Your grab misses Eustachio.
Eustachio is lightly wounded.
Eustachio growls, "To hell with you, honourless miscreant!"
Eustachio hits you with a +0 falchion of holy wrath.
* * * LOW HITPOINT WARNING * * *
You closely miss Eustachio. You grab Eustachio.
You pierce Eustachio.
Eustachio is moderately wounded.
You constrict Eustachio.
Eustachio zaps a wand.
The bolt of light hits you!
You are confused.
You die...

#.......#
###.......
###........
.#.........
..........
.....#... #....@+
.##....@#
........#....##g
....##..#.._.#$.
........#....#$.
.........#....#$
#........#.._.#
#..#.....#....#
...........#.⌠.⌠#
.........#.'######


You could see Eustachio.

Vanquished Creatures
  A phantom (D:4)
  Blork the orc (D:4)
  An orc priest (D:3)
  A hound (D:4)
  An iguana (D:4)
  An orc wizard (D:3)
  Robin (D:3)
  2 adders
  An ufetubus (D:4)
  3 dart slugs (D:3)
  4 orcs (D:3)
  4 bats (D:2)
  3 endoplasms
  2 giant cockroaches
  13 goblins
  8 hobgoblins
  2 jackals (D:2)
  8 kobolds
  4 ball pythons
  2 frilled lizards (D:2)
  2 rats
65 creatures vanquished.

Vanquished Creatures (others)
  13 plants (D:3)
13 creatures vanquished.

Grand Total: 78 creatures vanquished

Notes
Turn   | Place    | Note
-------+----------+-------------------------------------------
     0 | D:1      | LustLizard the Octopode Transmuter began the quest for the
                  | Orb.
     0 | D:1      | Reached XP level 1. HP: 13/13 MP: 3/3
    71 | D:1      | You fall into a shaft and drop 1 floor!
  1322 | D:2      | Reached XP level 2. HP: 17/18 MP: 5/5
  1325 | D:2      | Learned a level 2 spell: Wereblood
  1404 | D:2      | Reached skill level 1 in Stealth
  1704 | D:2      | Reached XP level 3. HP: 18/23 MP: 4/6
  2179 | D:3      | Noticed Robin
  2189 | D:3      | Killed Robin
  2332 | D:3      | Found a faded altar of an unknown god.
  2471 | D:3      | Reached XP level 4. HP: 22/29 MP: 3/7
  2483 | D:3      | Reached XP level 5. HP: 17/34 MP: 4/9
  3151 | D:3      | Learned a level 4 spell: Ice Form
  3599 | D:4      | Noticed Blork the orc
  3616 | D:4      | Killed Blork the orc
  3617 | D:4      | Reached skill level 1 in Ice Magic
  3617 | D:4      | Reached XP level 6. HP: 6/41 MP: 7/10
  3916 | D:4      | Reached skill level 4 in Unarmed Combat
  4101 | D:4      | Found a hide-covered altar of Uskayaw.
  4101 | D:4      | Found a burning altar of Makhleb.
  4107 | D:4      | Noticed Eustachio
  4116 | D:4      | Killed from afar by Eustachio

Illustrated notes

Levels and vault maps discovered:
D:1:      nicolae_arrival_somewhat_less_tricky_arrival, layout_loops_corners
D:2:      layout_basic, minmay_cupped
D:3:      layout_loops_ring, ebering_ecumenical_altar_sacrificial,
          serial_forest, infiniplex_forest_lined_room_3,
          infiniplex_forest_lined_room_3, infiniplex_forest_lined_4_way,
          infiniplex_forest_clump_large, infiniplex_forest_lined_corner,
          infiniplex_forest_clump_small, infiniplex_forest_lined_2,
          infiniplex_forest_clump_small, infiniplex_forest_clump_small,
          uniq_robin
D:4:      layout_cave_pools, jmf_multi_god_temple, uniq_blork_the_orc,
          uniq_crazy_yiuf_cottage, uniq_eustachio

Skill      XL: |  1  2  3  4  5  6 |
---------------+-------------------+-----
Stealth        | 1 2 3 |  3.5
Fighting       | 2 |  2.7
Transmutations | 3 |  3.3
Spellcasting   | 3 |  3.1
Ice Magic      | 1 2 |  2.0
Unarmed Combat | 4 |  4.0
Dodging        | |  2.0

Action                   |  1- 3 |  4- 6 || total
-------------------------+-------+-------++-------
Melee: Unarmed           |    64 |    90 ||   154
       Constrict         |    16 |    19 ||    35
       Kick              |    13 |    17 ||    30
       Tentacles         |     9 |    14 ||    23
       Punch             |       |     4 ||     4
 Cast: Beastly Appendage |    10 |     6 ||    16
       Wereblood         |     3 |     4 ||     7
 Stab: Sleeping          |     7 |     8 ||    15
Armor: Skin              |     2 |     2 ||     4
Dodge: Dodged            |    34 |    45 ||    79
